 Dungeon Crawl Stone Soup version 0.31.0-11-ge490571c62 (webtiles) character file.

Game seed: 18278716527353813222

123 Hrothgar the Covered (level 4, -5/37 (40) HPs)
             Began as a Minotaur Fighter on Feb 9, 2024.
             Slain by a wight
             ... wielding a +4 great sword
              (16 damage)
             ... on level 4 of the Dungeon.
             The game lasted 00:03:44 (1118 turns).

Hrothgar the Covered (Minotaur Fighter)             Turns: 1118, Time: 00:03:44

HP:   -5/37 (40)    AC:  7    Str: 20    XL:     4   Next: 79%
MP:   3/3           EV:  9    Int:  7    God:
Gold: 69            SH:  4    Dex: 10    Spells: 3/3 levels left

rFire   . . .        g - +3 broad axe (flame)
rCold   . . .        c - +0 buckler
rNeg    . . .        b - +0 scale mail
rPois   .            (helmet restricted)
rElec   .            (no cloak)
rCorr   .            (no gloves)
SInv    .            (no boots)
Will    .....        (no amulet) Stlth
                     (no ring)
HPRegen 0.26/turn    (no ring)
MPRegen 0.08/turn

%: no passive effects
@: drained
A: horns 2, retaliatory headbutt
a: no special abilities


You were on level 4 of the Dungeon.
You visited 1 branch of the dungeon, and saw 4 of its levels.

You collected 69 gold pieces.

Inventory:

Hand Weapons
 g - a +3 broad axe of flaming (weapon)
Missiles
 f - 2 atropa-tipped darts (quivered)
Armour
 b - a +0 scale mail (worn)
 c - a +0 buckler (worn)
Scrolls
 a - a scroll of amnesia {unknown}
 h - a scroll of poison
 i - a scroll of enchant weapon {unknown}
Potions
 d - a potion of might
 e - 2 potions of heal wounds


   Skills:
 * Level 4.3 Fighting
 * Level 3.3 Axes
 * Level 1.1 Throwing
 * Level 4.6 Armour
 * Level 1.0 Dodging
 * Level 0.7 Stealth
 * Level 4.2 Shields


You had 3 spell levels left.
You didn't know any spells.
Your spell library contained the following spells:

 Spells                   Type           Power      Damage    Failure   Level
 Slow                     Hex            0%         N/A       83%         1
 Confusing Touch          Hex            0%         N/A       99%         3
 Inner Flame              Hex/Fire       0%         N/A       99%         3
 Sigil of Binding         Hex            0%         N/A       99%         3
 Vampiric Draining        Necr           0%         2d6       99%         3
 Irradiate                Conj/Alch      0%         3d11      100%        5
 Ignition                 Fire           0%         3d3       100%        8


Dungeon Overview and Level Annotations

Branches:
Dungeon (4/15)
 Temple: D:4-7

Altars:
Elyvilon
Yredelemnul

Annotations:
D:3 2 transporters, TheBioAlchemist's ghost, weakling SpEn


Innate Abilities, Weirdness & Mutations

You have a pair of horns on your head.
You reflexively headbutt those who attack you in melee.


Message History

Your Throwing skill increases to level 1!
Your Dodging skill increases to level 1!
Press: ? - help, v - describe, . - travel
Here: a goblin, wielding a +0 sling and carrying a wand of flame The floor.
Throw: 4 darts (atropa)
Press: ? - help, Q - select action Shift-Dir - straight line, f - goblin
Aim: a goblin, wielding a +0 sling and carrying a wand of flame (45% to hit, chance to blind on hit: 100%)
You throw an atropa-tipped dart.
The atropa-tipped dart barely misses the goblin.
The atropa-tipped dart hits the wight.
The wight is unaffected.
The goblin shoots a sling bullet.
The sling bullet hits you but does no damage.
Throw: 3 darts (atropa)
Press: ? - help, Q - select action Shift-Dir - straight line, f/p - goblin
Aim: a goblin, wielding a +0 sling and carrying a wand of flame (45% to hit, chance to blind on hit: 100%)
You throw an atropa-tipped dart.
The atropa-tipped dart barely misses the goblin.
The atropa-tipped dart hits the wight.
The wight is unaffected.
You slash the adder! You burn the adder.
You kill the adder!
You slash the wight! You burn the wight. You closely miss the goblin.
The wight barely misses you. You furiously retaliate!
You headbutt the wight.
The goblin unwields a +0 sling.
The goblin wields a +0 dagger.
The goblin hits you but does no damage.
The wight hits you with a +0 great sword!!
You feel drained.
The wight hits you with a +4 great sword.
The wight closely misses you. The goblin hits you with a +0 dagger.
You see here a hound corpse.
You barely miss the wight. x2; You closely miss the goblin.
You barely miss the wight. The wight barely misses you.
The wight hits you with a +0 great sword.
You feel drained.
* * * LOW HITPOINT WARNING * * *
The wight barely misses you.
An endoplasm comes into view.
You block the goblin's attack.
The wight hits you with a +4 great sword!
You die...

..........
..........
##.........
J......... #.
###......... ...
#...(.......
#..##..zz......
##..#..z@g......
................
....#....#......
###.....#####..
###......#### #
............#
...#........# #
.###........# ..
##........##...


You could see 3 wights, an endoplasm (wandering) and a goblin.

Vanquished Creatures
  2 hounds
  Crazy Yiuf (D:2)
  An adder (D:4)
  A dart slug (D:1)
  A ribbon worm (D:2)
  A bat (D:3)
  4 endoplasms
  3 giant cockroaches
  2 goblins
  2 hobgoblins
  2 ball pythons (D:3)
  3 frilled lizards (D:1)
  2 rats (D:1)
25 creatures vanquished.

Notes
Turn   | Place    | Note
-------+----------+-------------------------------------------
     0 | D:1      | Hrothgar the Minotaur Fighter began the quest for the Orb.
     0 | D:1      | Reached XP level 1. HP: 19/19 MP: 0/0
   422 | D:1      | Reached XP level 2. HP: 27/27 MP: 1/1
   438 | D:1      | Identified a scroll of acquirement
   438 | D:1      | Acquired a +3 broad axe of flaming
   497 | D:2      | Found a runed translucent door.
   498 | D:2      | Noticed Crazy Yiuf
   502 | D:2      | Killed Crazy Yiuf
   503 | D:2      | Reached XP level 3. HP: 33/33 MP: 2/2
   556 | D:3      | Reached XP level 4. HP: 30/40 MP: 3/3
   594 | D:3      | Found a basalt altar of Yredelemnul.
   827 | D:3      | Found a white marble altar of Elyvilon.
   896 | D:3      | Found a transporter.
   901 | D:3      | Noticed TheBioAlchemist's ghost (weakling SpEn)
   938 | D:3      | Found a transporter.
  1114 | D:4      | Reached skill level 1 in Throwing
  1114 | D:4      | Reached skill level 1 in Dodging
  1118 | D:4      | Slain by a wight

Illustrated notes

Levels and vault maps discovered:
D:1:      nicolae_arrival_memento_mori, layout_loops_ring,
          minmay_misc_feat_plants
D:2:      layout_basic, shapermc_ecumenical_altar_petra, uniq_jessica,
          uniq_crazy_yiuf_cottage
D:3:      layout_rooms, kennysheep_ying_yang, fedhas_altar_4,
          gammafunk_ghost_mausoleum, lemuel_flame_loot_1
D:4:      layout_cave_pools, vehumet_crystals, ebering_ghost_sewer_f

Skill      XL: |  1  2  3  4 |
---------------+-------------+-----
Fighting       | 4 |  4.3
Armour         | 4 |  4.6
Shields        | 4 |  4.2
Axes           | 3 |  3.3
Throwing       | 1 |  1.1
Dodging        | 1 |  1.0
Stealth        | |  0.7

Action                     |  1- 3 |  4- 6 || total
---------------------------+-------+-------++-------
  Melee: War axe           |    15 |       ||    15
         Headbutt          |     4 |     1 ||     5
         Broad axe         |     7 |    16 ||    23
  Throw: Dart              |     3 |     2 ||     5
    Use: Scroll            |     4 |       ||     4
   Stab: Invisible         |     1 |       ||     1
 Armour: Scale mail        |    15 |    24 ||    39
  Dodge: Dodged            |    12 |    12 ||    24
  Block: Buckler           |     3 |     3 ||     6
